Map: Odyssey LE

Players

NORTHAMERICA - Winner!

  • Race: Protoss Protoss
  • League: Master
  • Spawn Location: 11:00

Murky

  • Race: Zerg Zerg
  • League: Master
  • Spawn Location: 5:00

VOD

Have the link to the VOD?

Description

Time

  • Played on: Jan. 5, 2018, 4:33 a.m.
  • Length: 12:37
Show
View Real Time Build Order
Export as new Build Order

NORTHAMERICA Protoss - Winner!

Build Orders: 1 Gate Expand, Phoenix Opening 

Get SALT Encoding   

  12  0:00  Probe  
  13  0:13  Probe  
  14  0:19  Pylon  
  14  0:25  Probe  
  15  0:37  Probe (Chrono Boost)  
  15  0:39  Gateway  
  16  0:49  Assimilator, Probe (Chrono Boost)  
  17  0:53  Probe (Chrono Boost)  
  19  1:04  Probe  
  19  1:22  Nexus  
  19  1:34  Cybernetics Core  
  19  1:36  Probe (Chrono Boost)  
  20  1:46  Probe (Chrono Boost)  
  21  1:48  Assimilator  
  21  1:51  Probe (Chrono Boost)  
  22  1:58  Pylon  
  22  2:03  Probe  
  23  2:14  Adept (Chrono Boost)  
  23  2:16  Probe  
  26  2:22  Stargate  
  26  2:28  Probe  
  27  2:33  Adept  
  27  2:35  Probe  
  30  2:37  Warp Gate  
  30  2:40  Probe  
  31  2:47  Probe  
  32  2:52  Probe  
  33  2:59  Probe  
  33  3:04  Probe  
  35  3:06  Phoenix (Chrono Boost)  
  35  3:11  Probe  
  38  3:13  Twilight Council  
  38  3:16  Probe  
  39  3:23  Probe  
  39  3:24  Pylon  
  40  3:28  Probe  
  40  3:30  Phoenix  
  43  3:35  Probe  
  43  3:40  Probe  
  45  3:44  Resonating Glaives (Chrono Boost)  
  45  3:48  Probe  
  46  3:51  Gateway  
  46  3:52  Gateway  
  46  3:54  Gateway  
  46  3:57  Adept  
  48  4:04  Probe  
  48  4:07  Pylon  
  49  4:10  Pylon, Probe  
  49  4:14  Pylon  
  50  4:18  Assimilator, Probe  
  50  4:20  Assimilator  
  50  4:22  Probe  
  52  4:30  Probe  
  53  4:33  Pylon  
  53  4:35  Probe  
  54  4:44  Adept  
  54  4:45  Probe  
  57  4:47  Adept  
  57  4:50  Adept x2  
  63  4:57  Robotics Facility  
  63  5:07  Adept x2  
  63  5:11  Adept x2  
  63  5:14  Charge  
  71  5:18  Nexus  
  71  5:21  Pylon  
  71  5:24  Probe  
  71  5:25  Probe  
  73  5:31  Forge  
  73  5:36  Probe  
  74  5:49  Probe  
  69  5:56  Immortal (Chrono Boost)  
  69  5:57  Templar Archives  
  69  6:00  Gateway  
  69  6:01  Gateway  
  61  6:12  Protoss Ground Weapons Level 1  
  61  6:14  Shield Battery  
  61  6:17  Shield Battery  
  61  6:22  Photon Cannon x2, Psionic Storm  
  61  6:25  Pylon  
  61  6:28  Immortal (Chrono Boost)  
  61  6:33  Photon Cannon  
  61  6:40  High Templar x2  
  61  6:44  Nexus  
  65  6:48  Zealot x2  
  69  6:57  Pylon  
  69  7:00  High Templar  
  71  7:03  Immortal (Chrono Boost)  
  75  7:09  Probe  
  75  7:11  Probe  
  77  7:21  Probe  
  78  7:23  Probe  
  78  7:26  High Templar  
  78  7:28  Zealot x4  
  87  7:33  Probe  
  88  7:37  Warp Prism (Chrono Boost), Probe  
  91  7:44  Pylon x2, High Templar  
  91  7:45  Probe  
  94  7:55  Photon Cannon  
  94  8:01  Zealot x4  
  94  8:02  Zealot  
  104  8:06  Protoss Ground Weapons Level 2 (Chrono Boost)  
  104  8:11  Observer (Chrono Boost)  
  105  8:23  Nexus  
  105  8:39  High Templar x3  
  105  8:40  Zealot x3  
  117  8:44  Archon  
  117  8:45  Probe  
  117  8:46  Probe  
  117  8:47  Immortal  
  123  8:57  Probe  
  112  9:05  Zealot x3  
  112  9:15  Archon  
  112  9:16  Archon  
  112  9:17  Zealot x3  
  96  9:26  Immortal, Zealot  
  96  9:27  Zealot x2  
  98  9:36  Probe  
  95  9:39  Gateway  
  95  9:41  Gateway  
  95  9:43  Zealot x3  
  95  9:50  High Templar x2  
  89  9:54  Photon Cannon  
  89  9:56  Photon Cannon, Probe, Shield Battery  
  89  9:59  Pylon, Zealot x4  
  98  10:00  Probe  
  98  10:03  Assimilator  
  98  10:05  Immortal, Assimilator  
  103  10:08  Protoss Ground Weapons Level 3 (Chrono Boost)  
  103  10:23  Probe  
  103  10:26  Zealot x2  
  103  10:27  Zealot x4  
  116  10:33  Probe  
  116  10:34  Photon Cannon  
  115  10:45  Immortal (Chrono Boost)  
  115  10:47  High Templar  
  115  10:48  High Templar x2  
  125  10:55  Assimilator  
  125  10:56  Zealot x4  
  133  11:00  Assimilator  
  129  11:10  Zealot  
  131  11:17  High Templar x2  
  133  11:20  Observer (Chrono Boost)  
  133  11:22  Archon, Zealot x2  
  133  11:23  Zealot x3  
  136  11:35  Immortal  
  140  11:42  Zealot  
  140  11:43  Zealot x5  
  150  11:52  Zealot x2  
  146  11:59  Probe  
  147  12:06  Fleet Beacon, Zealot x2  
  147  12:07  Zealot x4  
  151  12:09  Probe  
  151  12:15  Observer  
  143  12:22  High Templar x2  
  145  12:23  High Templar x3  
  145  12:27  Archon x2  
Show
View Real Time Build Order
Export as new Build Order

Murky Zerg 

Build Orders: Hatch First 

Get SALT Encoding   

  12  0:02  Drone  
  13  0:14  Overlord  
  13  0:18  Drone  
  14  0:33  Drone x2  
  16  0:37  Drone  
  17  0:55  Drone  
  18  0:57  Hatchery  
  18  0:59  Drone  
  18  1:09  Extractor  
  17  1:15  Spawning Pool  
  16  1:19  Drone  
  16  1:20  Drone  
  18  1:30  Drone  
  19  1:43  Drone  
  20  1:55  Drone  
  21  2:02  Overlord  
  21  2:08  Queen x2  
  21  2:09  Drone  
  21  2:13  Drone  
  27  2:21  Zergling x2  
  28  2:25  Zergling x2  
  29  2:31  Drone  
  29  2:34  Drone  
  31  2:44  Drone  
  31  2:48  Queen  
  34  2:53  Lair  
  34  2:56  Overlord  
  34  2:57  Drone x2  
  36  3:06  Overlord  
  36  3:13  Evolution Chamber  
  36  3:16  Drone x2  
  36  3:17  Roach Warren  
  36  3:20  Drone  
  36  3:21  Drone x5  
  42  3:30  Overlord  
  42  3:32  Drone  
  43  3:39  Zerg Missile Weapons Level 1, Extractor  
  43  3:40  Overlord, Extractor  
  41  3:41  Overlord  
  41  3:44  Overlord  
  42  3:49  Overlord  
  42  3:57  Hydralisk Den  
  42  3:59  Spore Crawler  
  42  4:01  Spore Crawler, Drone  
  42  4:02  Drone x5  
  45  4:08  Extractor  
  45  4:09  Drone  
  45  4:14  Drone x2  
  47  4:25  Hatchery  
  47  4:26  Muscular Augments  
  46  4:36  Hydralisk  
  46  4:37  Hydralisk x2  
  52  4:46  Overlord x2  
  52  4:48  Overlord  
  52  4:57  Overlord  
  52  5:05  Drone x6  
  57  5:14  Hydralisk  
  57  5:15  Hydralisk  
  61  5:21  Hydralisk, Roach Warren  
  61  5:26  Hydralisk  
  64  5:31  Drone  
  64  5:33  Overlord  
  64  5:34  Overlord  
  65  5:44  Hydralisk  
  65  5:46  Hydralisk x2  
  66  5:54  Hydralisk x2  
  60  5:59  Drone  
  50  6:08  Drone  
  49  6:21  Drone  
  49  6:24  Drone  
  51  6:30  Drone  
  53  6:32  Drone  
  53  6:35  Drone  
  53  6:38  Drone  
  55  6:40  Drone  
  55  6:42  Drone  
  57  6:50  Roach x2  
  57  6:53  Drone  
  61  6:55  Drone  
  61  6:57  Drone  
  61  7:00  Drone  
  65  7:01  Drone  
  65  7:05  Drone  
  65  7:06  Drone  
  65  7:08  Drone  
  68  7:10  Drone  
  68  7:11  Drone  
  68  7:14  Drone  
  71  7:20  Drone x3  
  74  7:23  Roach  
  74  7:26  Roach  
  78  7:31  Glial Reconstitution  
  78  7:32  Roach  
  78  7:36  Roach  
  82  7:38  Roach  
  82  7:39  Roach  
  82  7:41  Roach  
  88  7:44  Roach  
  88  7:46  Roach  
  88  7:50  Roach x2  
  96  7:52  Roach  
  96  7:55  Hydralisk  
  96  7:57  Overlord  
  100  8:00  Ravager  
  100  8:02  Drone  
  100  8:03  Roach  
  104  8:08  Zerg Missile Weapons Level 2  
  104  8:10  Roach  
  106  8:14  Overseer  
  106  8:17  Hydralisk  
  106  8:19  Hydralisk  
  110  8:22  Drone x3  
  110  8:24  Overlord  
  110  8:26  Drone  
  114  8:33  Overlord  
  114  8:34  Overlord  
  114  8:41  Overlord  
  116  8:50  Drone  
  116  8:51  Drone x5  
  116  8:52  Hydralisk  
  124  8:57  Hydralisk  
  124  8:58  Hydralisk  
  122  9:03  Hydralisk x2  
  122  9:05  Hydralisk  
  116  9:10  Hydralisk x3  
  110  9:18  Hydralisk x2  
  110  9:21  Hydralisk  
  91  9:28  Hydralisk  
  91  9:30  Hydralisk  
  86  9:36  Hydralisk  
  84  9:42  Hydralisk  
  84  9:43  Hydralisk  
  80  9:54  Hydralisk  
  80  9:55  Hydralisk  
  84  10:03  Roach x3, Hatchery  
  89  10:07  Drone  
  89  10:08  Roach  
  89  10:11  Roach  
  94  10:16  Roach x2  
  94  10:19  Roach  
  100  10:23  Roach  
  100  10:25  Roach  
  100  10:28  Roach  
  106  10:33  Roach x2  
  110  10:36  Drone  
  111  10:43  Drone x4  
  111  10:48  Lurker Den  
  114  10:57  Hydralisk x2  
  118  11:09  Hydralisk  
  118  11:10  Hydralisk x2  
  124  11:13  Hydralisk  
  124  11:15  Hydralisk  
  128  11:23  Drone  
  128  11:24  Drone x4  
  131  11:27  Extractor  
  131  11:28  Hydralisk  
  126  11:33  Hydralisk  
  126  11:38  Hydralisk x2  
  127  11:41  Hydralisk  
  127  11:45  Hydralisk  
  127  11:50  Extractor  
  126  11:56  Roach x2  
  126  11:59  Roach  
  118  12:15  Lurker Den  
Tags
 
Add a new tag
Caveats
  • Supply blocks, unpowered buildings, or Contaminate may cause inaccurate times.
  • Supply counts are checked every 10 seconds.